 Dungeon Crawl Stone Soup version 0.29.0-13-gc9e81de378 (webtiles) character file.

Game seed: 9198181566794552244

2533 nickcage the Impaler (level 9, 0/61 HPs)
             Began as a Merfolk Gladiator on Sept 7, 2022.
             Was an Initiate of Hepliaklqana.
             Slain by an orc wizard
             ... wielding a +0 dagger
              (2 damage)
             ... on level 7 of the Dungeon.
             The game lasted 00:09:53 (5983 turns).

nickcage the Impaler (Merfolk Gladiator)            Turns: 5983, Time: 00:09:54

Health: 0/61       AC:  9    Str: 18    XL:     9   Next: 55%
Magic:  9/9        EV:  8    Int:  8    God:    Hepliaklqana [......]
Gold:   359        SH:  0    Dex: 15    Spells: 8/8 levels left

rFire   . . .      SeeInvis .   h - +6 demon trident "Joun" {chaos, rC+ Stlth+}
rCold   + . .      Faith    .   (no shield)
rNeg    . . .      Spirit   .   f - +0 chain mail
rPois   .          Reflect  .   c - +0 helmet
rElec   .          Harm     .   (no cloak)
rCorr   .          Rampage  .   (no gloves)
Will    .....                   (no boots)
Stlth   ..........              (no amulet)
HPRegen 0.20/turn               (no ring)
MPRegen 0.11/turn               (no ring)

@: no status effects
A: (nimble swimmer 2), mertail
a: Renounce Religion


You were on level 7 of the Dungeon.
You worshipped Hepliaklqana.
Hepliaklqana was noncommittal.
You visited 2 branches of the dungeon, and saw 8 of its levels.

You collected 359 gold pieces.

Inventory:

Hand Weapons
 a - a +0 trident
 h - the +6 demon trident "Joun" (weapon) {chaos, rC+ Stlth+}
   (You acquired it on level 3 of the Dungeon)

   Each time it hits an enemy it has a different, random effect.
   rC:        It protects you from cold.
   Stlth:     It makes you more stealthy.
Missiles
 d - 5 throwing nets
 e - a javelin
 y - 11 poisoned darts (quivered)
Armour
 b - a +0 leather armour
 c - a +0 helmet (worn)
 f - a +0 chain mail (worn)
Jewellery
 B - a ring of fire
Wands
 C - a wand of charming (7)
Scrolls
 g - 3 scrolls of teleportation
 m - a scroll of poison {unknown}
 n - 2 scrolls of amnesia {unknown}
 o - 5 scrolls of identify {unknown}
 p - a scroll of enchant armour {unknown}
 r - a scroll of enchant weapon {unknown}
 v - 2 scrolls of butterflies {unknown}
 w - a scroll of silence {unknown}
 A - a scroll of noise {unknown}
Potions
 i - 2 potions of might {unknown}
 j - 3 potions of curing {unknown}
 k - 3 potions of brilliance {unknown}
 l - a potion of berserk rage {unknown}
 q - 2 potions of ambrosia {unknown}
 s - 2 potions of attraction {unknown}
 t - a potion of mutation {unknown}
 u - a potion of invisibility {unknown}
 x - 3 potions of lignification {unknown}
 z - a potion of degeneration {unknown}


   Skills:
 - Level 2.1 Fighting
 + Level 16.4 Polearms
 - Level 2.0 Throwing
 - Level 4.0 Dodging


You had 8 spell levels left.
You didn't know any spells.
Your spell library contained the following spells:

 Spells                   Type           Power      Damage    Failure   Level
 Necrotise                Necr           0%         1d4       100%        1
 Vampiric Draining        Necr           0%         2d6       100%        3
 Agony                    Necr           0%         N/A       100%        5
 Blade Hands              Tmut           0%         N/A       100%        5
 Irradiate                Conj/Tmut      0%         3d11      100%        5
 Dragon Form              Tmut           0%         N/A       100%        7


Dungeon Overview and Level Annotations

Branches:
Dungeon (7/15)             Temple (1/1) D:6

Altars:
Ashenzari
Cheibriados
Dithmenos
Elyvilon
Fedhas
Gozag
Hepliaklqana
Kikubaaqudgha
Makhleb
Nemelex Xobeh
Okawaru
Qazlal
Ru
Sif Muna
Trog
Uskayaw
Vehumet
Wu Jian
Xom
Yredelemnul
Zin
The Shining One

Shops:
D:5 (

Annotations:
D:5 968Glave+5, 3 runed translucent doors, pacmanke6689's ghost, novice MfFi
D:6 3 runed translucent doors, scisormetimb3rs's ghost, novice OpFE


Innate Abilities, Weirdness & Mutations

((You are very nimble when in or above water. (Stealth+, EV+, Speed+++)))
Your lower body shifts to a powerful aquatic tail in water.


Message History

You barely miss the orc warrior.
The orc warrior is heavily wounded.
Something hits you but does no damage. The orc hits you with a +0 flail.
The orc warrior hits you with a +0 scimitar.
You puncture the orc warrior!
The orc warrior is almost dead.
You completely miss the orc warrior.
The orc warrior is almost dead.
Something hits you. The orc warrior barely misses you.
You closely miss the orc warrior.
The orc warrior is almost dead.
You closely miss the orc warrior.
The orc warrior is almost dead.
The orc hits you with a +0 morningstar. Something hits you but does no damage.
The orc misses you. The orc warrior closely misses you.
You barely miss the orc warrior.
The orc warrior is almost dead.
You hear some strange, mumbled words.
A puff of flame appears from out of thin air!
The puff of flame hits you. The orc hits you but does no damage.
The orc hits you with a +0 morningstar. The orc warrior barely misses you.
You completely miss the orc warrior.
The orc warrior is almost dead.
You barely miss the orc warrior.
The orc warrior is almost dead.
The orc hits you but does no damage.
You hear some strange, mumbled words.
A magic dart appears from out of thin air!
The magic dart hits you but does no damage.
The orc closely misses you.
The orc warrior hits you with a +0 scimitar!
* * * LOW HITPOINT WARNING * * *
You puncture the orc warrior!
You kill the orc warrior!
You puncture the orc!
You kill the orc!
Something hits you but does no damage. The orc hits you with a +0 flail!
* * * LOW HITPOINT WARNING * * *
You hit the orc but do no damage.
The orc is poisoned.
Something hits you.
You die...

###...## ###......#
##........#
##.....###.# ##....###
#.# ##...### #.#
###...## #.# ###o...##
#.# #.)@..## #.# . .
......){.## #.# ..
..........### #.# ...
.........## #.# ..
.#... ..### ### #.# .
...# # .## #.######.#
##..# #..#######
#........# ##....#
#..........##.########
#..#..##
#..........##.#


You could see an orc (very poisoned).

Vanquished Creatures
  Pikel (D:5)
  A troll (D:6)
  A steam dragon (D:6)
  4 water moccasins
  An orc warrior (D:7)
  2 sky beasts (D:7)
  A black bear (D:5)
  An ogre (D:4)
  A phantom (D:5)
  A lemure (D:5)
  3 scorpions
  5 hounds
  2 orc priests (D:6)
  An iguana (D:5)
  4 orc wizards (D:6)
  11 adders
  7 gnolls (D:3)
  2 white imps (D:5)
  An ufetubus (D:7)
  2 dart slugs
  23 orcs
  5 bats
  9 endoplasms
  7 giant cockroaches
  7 hobgoblins
  2 jackals (D:1)
  6 kobolds
  2 quokkas
  9 ball pythons
  5 frilled lizards
  13 goblins
  3 rats
143 creatures vanquished.

Vanquished Creatures (others)
  A plant (D:2)
1 creature vanquished.

Grand Total: 144 creatures vanquished

Notes
Turn   | Place    | Note
-------+----------+-------------------------------------------
     0 | D:1      | nickcage the Merfolk Gladiator began the quest for the Orb.
     0 | D:1      | Reached XP level 1. HP: 16/16 MP: 1/1
   152 | D:1      | Reached XP level 2. HP: 22/22 MP: 2/2
   181 | D:1      | Reached skill level 5 in Polearms
   400 | D:1      | Reached XP level 3. HP: 27/27 MP: 3/3
   858 | D:2      | Found a bloodstained altar of Trog.
  1051 | D:2      | Reached skill level 6 in Polearms
  1105 | D:2      | Reached XP level 4. HP: 21/33 MP: 4/4
  1399 | D:2      | Found a faded altar of an unknown god.
  1987 | D:3      | Identified a scroll of acquirement
  1987 | D:3      | Acquired the +6 demon trident "Joun" {chaos, rC+ Stlth+}
  2040 | D:3      | Reached skill level 7 in Polearms
  2136 | D:3      | Reached XP level 5. HP: 30/38 MP: 5/5
  2373 | D:3      | Reached skill level 8 in Polearms
  2859 | D:4      | Reached XP level 6. HP: 44/44 MP: 6/6
  3022 | D:4      | Identified the +4 short sword of Law {spect, rN+ MP+9}
  3038 | D:4      | Reached skill level 9 in Polearms
  3097 | D:4      | Found a stormy altar of Qazlal.
  3334 | D:4      | Reached skill level 10 in Polearms
  3411 | D:5      | Entered Level 5 of the Dungeon
  3466 | D:5      | Reached XP level 7. HP: 50/50 MP: 7/7
  3650 | D:5      | Found Wesa's Weapon Shoppe.
  3672 | D:5      | Reached skill level 11 in Polearms
  3725 | D:5      | Found a runed translucent gate.
  3725 | D:5      | Found a runed translucent gate.
  3725 | D:5      | Found a runed translucent gate.
  3725 | D:5      | Noticed pacmanke6689's ghost (novice MfFi)
  3789 | D:5      | Found an ornate altar of the Wu Jian Council.
  3846 | D:5      | Noticed Pikel
  3862 | D:5      | Killed Pikel
  3863 | D:5      | Reached skill level 13 in Polearms
  3863 | D:5      | Reached XP level 8. HP: 33/56 MP: 8/8
  4001 | D:5      | Found a shadowy altar of Dithmenos.
  4436 | D:6      | Reached skill level 14 in Polearms
  4484 | D:6      | Found a runed translucent gate.
  4507 | D:6      | Reached XP level 9. HP: 59/61 MP: 9/9
  4586 | D:6      | Reached skill level 15 in Polearms
  4871 | D:6      | Found a staircase to the Ecumenical Temple.
  4887 | Temple   | Entered the Ecumenical Temple
  4967 | Temple   | Became a worshipper of Hepliaklqana the Forgotten
  5087 | D:6      | Noticed a troll
  5408 | D:6      | Killed a troll
  5587 | D:6      | Found a runed translucent gate.
  5587 | D:6      | Noticed scisormetimb3rs's ghost (novice OpFE)
  5632 | D:6      | Identified the +4 morningstar "Uxyosun" {drain, rF+ SInv}
  5740 | D:6      | Found a runed translucent gate.
  5740 | D:6      | Identified the +1 chain mail of Vehumet's Supremacy {rElec
                  | Dex-3 Slay+3}
  5880 | D:7      | Reached skill level 16 in Polearms
  5982 | D:7      | HP: 2/61 [orc/+0 flail (8)]
  5983 | D:7      | Slain by an orc wizard

Illustrated notes

Levels and vault maps discovered:
D:1:      eino_arrival_cavern_a, layout_loops_ring
D:2:      layout_basic, shapermc_ecumenical_altar_ellora, basic_altar
D:3:      layout_loops_ring, amethyst_killhole
D:4:      layout_rooms, lemuel_crystal_altar, serial_rivers,
          chequers_serial_rivers_large_b, chequers_serial_rivers_marsh,
          chequers_serial_rivers_micro_d, chequers_serial_rivers_micro_c
D:5:      layout_loops_corners, kennysheep_mini_moat, grunt_dithmenos_smoke,
          gammafunk_ghost_necromancy, serial_shops,
          nicolae_shop_bloodbath_and_beyond, corexii_corridor_pit, uniq_pikel
D:6:      layout_rooms, minmay_temple_entry_large_hall,
          biasface_ghost_orc_armoury, hex_medium
D:7:      layout_rooms, serial_curves, eino_curves_01, eino_curves_04,
          ebering_ghost_reflecting_pool, hangedman_decor_lopped
Temple:   compressed_dpeg_triangle_lava_temple

Skill      XL: |  1  2  3  4  5  6  7  8  9 |
---------------+----------------------------+-----
Polearms       | 5 6 7 8 10 13 14 16 | 16.4
Fighting       | |  2.1
Throwing       | |  2.0
Dodging        | |  4.0

Action                   |  1- 3 |  4- 6 |  7- 9 || total
-------------------------+-------+-------+-------++-------
Melee: Trident           |   104 |    27 |       ||   131
       Punch             |     2 |     1 |     2 ||     5
       Demon trident     |       |   103 |   128 ||   231
Throw: Dart              |       |       |     5 ||     5
  Use: Scroll            |       |     3 |       ||     3
 Stab: Confused          |       |       |     2 ||     2
Armor: Chain mail        |    40 |    45 |    46 ||   131
Dodge: Dodged            |    26 |    26 |    35 ||    87
